 Dungeon Crawl Stone Soup version 0.29-a0-299-g4c793a2ed2 (webtiles) character file.

Game seed: 13351913643779157834

2639 kae the Arsonist (level 9, -4/53 HPs)
             Began as a Tengu Fire Elementalist on Mar 24, 2022.
             Was an Initiate of Vehumet.
             Slain by a wraith (12 damage)
             ... on level 9 of the Dungeon.
             The game lasted 00:06:30 (8719 turns).

kae the Arsonist (Tengu Fire Elementalist)          Turns: 8719, Time: 00:06:30

Health: -4/53      AC:  3    Str:  8    XL:     9   Next: 61%
Magic:  12/17      EV: 19    Int: 27    God:    Vehumet [......]
Gold:   1511       SH:  0    Dex: 20    Spells: 9/18 levels left

rFire   . . .      SeeInvis .   t - +10 whip of Balance {flame, Will+ rCorr}
rCold   . . .      Faith    .   (no shield)
rNeg    . . .      Spirit   .   a - +1 robe
rPois   .          Reflect  .   (helmet restricted)
rElec   .          Harm     .   (no cloak)
rCorr   +          Rampage  .   (no gloves)
Will    +....                   (boots unavailable)
Stlth   ++........              (no amulet)
HPRegen 0.17/turn               g - +6 ring of intelligence
MPRegen 0.15/turn               h - +6 ring of dexterity

@: flying quickly and evasively, slowed, very slow
A: beak, talons 3, nimble flight
a: Renounce Religion


You were on level 9 of the Dungeon.
You worshipped Vehumet.
Vehumet was noncommittal.
You visited 2 branches of the dungeon, and saw 8 of its levels.

You collected 1511 gold pieces.

Inventory:

Hand Weapons
 l - a +1 dagger of speed
 t - the +10 whip of Balance (weapon) {flame, Will+ rCorr}
   (You found it on level 9 of the Dungeon)

   It burns those it strikes, dealing additional fire damage.
   rCorr:     It protects you from acid and corrosion.
   Will:      It increases your willpower.
Armour
 a - a +1 robe (worn)
Jewellery
 e - a ring of resist corrosion
 g - a +6 ring of intelligence (left hand)
 h - a +6 ring of dexterity (right hand)
 r - a +6 ring of dexterity
Scrolls
 i - a scroll of immolation
 o - 2 scrolls of identify
 q - a scroll of enchant weapon {unknown}
 s - a scroll of brand weapon {unknown}
Potions
 b - a potion of magic
 c - 2 potions of heal wounds
 d - 2 potions of curing
 f - a potion of berserk rage
 j - a potion of resistance
 k - a potion of degeneration
 m - 2 potions of flight
 n - a potion of mutation
 p - 2 potions of might


   Skills:
 + Level 4.9 Fighting
 + Level 6.1 Dodging
 - Level 2.0 Stealth
 + Level 5.0 Spellcasting
 + Level 6.9 Conjurations
 * Level 8.8 Fire Magic


You had 9 spell levels left.
You knew the following spells:

 Your Spells              Type           Power      Damage    Failure   Level
a - Foxfire               Conj/Fire      100%       2x1d9     1%          1
b - Scorch                Fire           100%       2d10      1%          2
c - Conjure Flame         Conj/Fire      49%        6-21      1%          3
d - Inner Flame           Hex/Fire       30%        N/A       3%          3

Your spell library contained the following spells:

 Spells                   Type           Power      Damage    Failure   Level
 Static Discharge         Conj/Air       25%        N/A       2%          2
 Flame Wave               Conj/Fire      49%        2d10      2%          4
 Beastly Appendage        Tmut           12%        N/A       7%          1
 Wereblood                Tmut           6%         N/A       11%         2
 Spider Form              Tmut/Pois      6%         N/A       22%         3
 Lightning Bolt           Conj/Air       12%        1d26      43%         5
 Maxwell's Capacitive Co  Air            3%         ∞         100%        8


Dungeon Overview and Level Annotations

Branches:
Dungeon (9/15)             Temple (1/1) D:6            Lair (0/6) D:9
    Orc: D:9-12

Altars:
Ashenzari
Cheibriados
Dithmenos
Fedhas
Gozag
Hepliaklqana
Makhleb
Nemelex Xobeh
Okawaru
Qazlal
Sif Muna
Trog
Uskayaw
Vehumet
Xom
Yredelemnul
Zin
The Shining One

Shops:
D:6 *

Annotations:
D:3 exclusion: door, Sigmund
D:9 3 runed translucent doors, exclusion: yaktaur, anonymous's ghost, novice NaGl


Innate Abilities, Weirdness & Mutations

You have a beak for a mouth.
You have claws for feet.
Your magical nature lets you fly swiftly and evasively.


Message History

You hit the wraith but do no damage. You claw the wraith, but do no damage.
You peck the wraith, but do no damage.
The wraith is severely damaged.
The wraith hits you. The wraith drains your vigour!
You feel yourself slow down.
You hit the wraith but do no damage.
The wraith is severely damaged.
The wraith is no longer more vulnerable to fire.
The wraith hits you! The centaur warrior barely misses you.
The centaur warrior kicks you but does no damage.
The wraith hits you. The wraith drains your vigour!
You feel as though you will be slow longer.
You hit the wraith. You burn the wraith. You claw the wraith, but do no damage.
You peck the wraith.
The wraith is almost destroyed.
The centaur warrior hits you! The centaur warrior kicks you.
The wraith misses you. The centaur warrior barely misses you.
The centaur warrior misses you. The wraith hits you.
The centaur warrior completely misses you.
The centaur warrior kicks you.
Casting: Scorch (safe; 1% risk of failure)
Confirm with . or Enter, or press ? or * to list all spells.
Flames lash the centaur.
The centaur is moderately wounded.
The centaur's fire resistance burns away.
The centaur warrior barely misses you.
The centaur warrior completely misses you.
The wraith hits you!
* * * LOW HITPOINT WARNING * * *
The wraith drains your vigour!
You feel as though you will be slow longer.
An acid dragon comes into view.
The centaur warrior misses you. The centaur warrior closely misses you.
The centaur warrior closely misses you.
The centaur warrior completely misses you.
The wraith misses you. The centaur warrior barely misses you.
The centaur warrior kicks you.
* * * LOW HITPOINT WARNING * * *
The wraith hits you!
You die...

#.#.....#.....# #.
#.###.#####.#####.
#. #. .....#⌠ ..⌠
..D #. #######.#.
..#.. ### #. ....
.......# #. #..
.#.#.#.# #. ⌠..
c.... #.
..###.###W.# #.
........@c# ##
......#.### #
..... #.# # ....
#.# #### ... #.#
#... #. #.# #.## #
#.# #.# #.# #.#
#.#.. #.#


You could see a centaur warrior, a wraith, an acid dragon (wandering) and a
centaur (combustible).

Vanquished Creatures
  A hydra (D:9)
  Grinder (D:5)
  A shadow (D:9)
  A wyvern (D:9)
  A water moccasin (D:9)
  An ice beast (D:5)
  An orc warrior (D:5)
  The ghost of sanka the Ducker, an amateur GnMo (D:3)
  A black bear (D:5)
  A centaur (D:9)
  An ogre (D:2)
  A bullfrog (D:5)
  2 necrophages
  Blork the orc (D:5)
  A scorpion (D:5)
  A wight (D:9)
  A howler monkey (D:5)
  An orc priest (D:5)
  A gnoll shaman (D:6)
  A hound (D:5)
  2 orc wizards (D:6)
  2 iguanas
  Robin (D:2)
  11 gnolls
  9 adders
  An ufetubus (D:5)
  3 worms
  2 dart slugs
  6 orcs
  11 endoplasms
  10 giant cockroaches
  16 goblins
  17 hobgoblins
  6 jackals
  2 quokkas
  5 ball pythons
  2 bats (D:2)
  3 frilled lizards
  8 kobolds
  A rat (D:2)
139 creatures vanquished.

Vanquished Creatures (others)
  363 foxfires
363 creatures vanquished.

Grand Total: 502 creatures vanquished

Notes
Turn   | Place    | Note
-------+----------+-------------------------------------------
     0 | D:1      | kae the Tengu Fire Elementalist began the quest for the
                  | Orb.
     0 | D:1      | Reached XP level 1. HP: 10/10 MP: 4/4
   202 | D:1      | Reached XP level 2. HP: 16/16 MP: 1/6
   289 | D:1      | Found a faded altar of an unknown god.
  1169 | D:2      | Reached XP level 3. HP: 20/20 MP: 5/7
  1273 | D:2      | Reached skill level 1 in Fighting
  1334 | D:2      | Learned a level 2 spell: Scorch
  1338 | D:2      | Learned a level 3 spell: Conjure Flame
  1467 | D:2      | Found a sparkling altar of Nemelex Xobeh.
  1846 | D:2      | Reached skill level 4 in Fire Magic
  1908 | D:2      | Noticed an ogre
  1997 | D:2      | Reached XP level 4. HP: 23/25 MP: 8/8
  2687 | D:3      | Found a runed translucent door.
  2691 | D:3      | Noticed sanka's ghost (amateur GnMo)
  3055 | D:3      | Found a large runed translucent door.
  3060 | D:3      | Found a large runed translucent door.
  3202 | D:3      | Noticed a black bear
  3204 | D:3      | Gained mutation: Your magical nature lets you fly swiftly
                  | and evasively. [Tengu growth]
  3204 | D:3      | Reached XP level 5. HP: 29/29 MP: 6/9
  3327 | D:3      | Noticed Sigmund
  3486 | D:3      | Noticed Robin
  3523 | D:2      | Killed Robin
  3759 | D:4      | Identified a scroll of acquirement
  3759 | D:4      | Acquired 1133 gold pieces
  3772 | D:3      | Learned a level 3 spell: Inner Flame
  3835 | D:2      | Killed an ogre
  3836 | D:2      | Reached XP level 6. HP: 35/35 MP: 4/11
  3927 | D:3      | Killed sanka's ghost
  3928 | D:3      | Reached skill level 5 in Fire Magic
  4286 | D:3      | Found a shadowy altar of Dithmenos.
  4289 | D:3      | Found a shimmering altar of Xom.
  4940 | D:4      | Found a glowing golden altar of the Shining One.
  5411 | D:4      | Reached XP level 7. HP: 28/40 MP: 5/12
  5888 | D:5      | Entered Level 5 of the Dungeon
  5916 | D:5      | Noticed Grinder
  6405 | D:5      | Noticed Blork the orc
  6428 | D:5      | Killed Blork the orc
  6429 | D:5      | Reached skill level 6 in Fire Magic
  6446 | D:5      | Killed Grinder
  6546 | D:5      | Reached XP level 8. HP: 31/46 MP: 6/14
  6732 | D:5      | Found a radiant altar of Vehumet.
  6750 | D:5      | Found a hazy altar of Hepliaklqana.
  6807 | D:5      | Reached skill level 5 in Conjurations
  6994 | D:5      | Reached skill level 7 in Fire Magic
  7089 | D:5      | Reached skill level 5 in Dodging
  7462 | D:6      | Found a staircase to the Ecumenical Temple.
  7502 | Temple   | Entered the Ecumenical Temple
  7662 | D:5      | Became a worshipper of Vehumet
  7822 | D:6      | Found Iderik's General Store.
  8007 | D:6      | You are sucked into a shaft and drop 3 floors!
  8055 | D:9      | Noticed a yaktaur
  8064 | D:9      | Noticed a four-headed hydra
  8069 | D:9      | Killed a four-headed hydra
  8070 | D:9      | Reached skill level 8 in Fire Magic
  8070 | D:9      | Reached XP level 9. HP: 24/52 MP: 8/17
  8426 | D:9      | Found a runed translucent gate.
  8426 | D:9      | Found a runed translucent gate.
  8426 | D:9      | Found a runed translucent gate.
  8427 | D:9      | Found an opulent altar of Gozag.
  8427 | D:9      | Noticed a catoblepas
  8428 | D:9      | Noticed anonymous's ghost (novice NaGl)
  8470 | D:9      | Found a staircase to the Lair.
  8519 | D:9      | Reached skill level 5 in Spellcasting
  8698 | D:9      | Identified the +10 whip of Balance {flame, Will+ rCorr}
  8712 | D:9      | Noticed a centaur warrior
  8719 | D:9      | Slain by a wraith

Illustrated notes

Levels and vault maps discovered:
D:1:      mainiacjoe_arrival_reflecting_pool, layout_basic,
          chequers_ecumenical_altar_simple
D:2:      minmay_roachtagon, layout_basic, basic_altar,
          hangedman_decor_clover_reticule
D:3:      layout_basic, jmf_multi_god_temple2, ebering_ghost_reflecting_pool,
          kennysheep_generic_room_13, uniq_robin, uniq_sigmund
D:4:      layout_basic, overflow_temple_1_default
D:5:      layout_loops_ring, mainiacjoe_overflow_chevrons,
          mainiacjoe_overflow_small_starburst, minmay_misc_feat_enclosed,
          minivault_23, uniq_grinder, uniq_blork_the_orc
D:6:      layout_rooms, temple_fountains, serial_shops, kennysheep_mini_moat,
          minmay_misc_feat_alley, serial_park_tiny_pond
D:9:      kennysheep_blocky_hall, layout_loops_ring, dpeg_oklobed_lair,
          enter_bailey_2, ebering_ghost_gozag, chequers_avenue,
          minmay_chambers_of_fives
Temple:   dshaligram_water_room_temple

Skill      XL: |  1  2  3  4  5  6  7  8  9 |
---------------+----------------------------+-----
Conjurations   | 2 3 4 6 |  6.9
Fighting       | 1 2 3 4 |  4.9
Fire Magic     | 4 5 6 8 |  8.8
Dodging        | 3 4 5 6 |  6.1
Spellcasting   | 3 4 5 |  5.0
Stealth        | |  2.0

Action                   |  1- 3 |  4- 6 |  7- 9 || total
-------------------------+-------+-------+-------++-------
Melee: Kick              |     6 |     4 |     5 ||    15
       Short sword       |     2 |       |       ||     2
       Unarmed           |     1 |       |       ||     1
       Dagger            |    26 |    17 |     9 ||    52
       Peck              |     3 |     3 |     4 ||    10
       Whip              |       |       |     4 ||     4
 Cast: Foxfire           |    72 |    88 |    58 ||   218
       Scorch            |       |    18 |    44 ||    62
       Conjure Flame     |       |     2 |     4 ||     6
  Use: Scroll            |       |     8 |     9 ||    17
       Potion            |       |       |     3 ||     3
 Stab: Sleeping          |     1 |     1 |     1 ||     3
Armor: Robe              |     5 |     3 |     3 ||    11
Dodge: Dodged            |    16 |    25 |    60 ||   101

Table legend: (Time is in decaauts)
 A = Elapsed time spent in this place.
 B = Non-inter-level travel time spent in this place.
 C = Inter-level travel time spent in this place.
 D = Time resting spent in this place.
 E = Time spent auto-exploring this place.
 F = Levels seen in this place.
 G = Mean time per level.
                   A        B        C        D        E       F      G
               +--------+--------+--------+--------+--------+-----+--------+
         Total |   8467 |   8025 |    442 |    803 |   6031 |   8 | 1058.4 |
       Dungeon |   8378 |   7959 |    419 |    803 |   5973 |   7 | 1196.9 |
        Temple |     89 |     67 |     22 |      0 |     58 |   1 |   89.0 |
               +--------+--------+--------+--------+--------+-----+--------+

Top non-repeatable levels by time:
     D:3: 2104 daAuts
     D:5: 1402 daAuts
     D:4: 1324 daAuts
     D:2: 1273 daAuts
     D:1: 1158 daAuts
     D:9: 680 daAuts
     D:6: 434 daAuts
  Temple: 89 daAuts
